TOP OF THE 1ST |
Great Falls Voyagers batting - Pitching for Oakland (APP) Athletics : RHP Guadalupe Vasguez
|
Pitching: RHP Guadalupe Vasguez
|
|
Batting: RHB C.J. Chandler
|
0-0: Called Strike 0-1: Ball 1-1: Swinging Strike 1-2: Ball 2-2: Foul Ball, location: 2F 2-2: Foul Ball, location: 2F 2-2: Ground out 6-3 (Groundball, 6, EV 86.9 MPH)
|
Batting: RHB Bobby Trosclair
|
0-0: Called Strike 0-1: Ball 1-1: Ball 2-1: Ball 3-1: Called Strike 3-2: Strikes out swinging
|
Batting: RHB David Torres
|
0-0: Called Strike 0-1: Ball 1-1: Ball 2-1: SINGLE (Groundball, 6S, EV 70.6 MPH) (infield hit)
|
Batting: LHB Luis Flores
|
0-0: Ball 1-0: Ball 2-0: DOUBLE (Line Drive, 78D, EV 108.1 MPH) David Torres to third
|
Batting: SHB Eduardo Monzon
|
0-0: Ball 1-0: Ball 2-0: Swinging Strike 2-1: Ball 3-1: Foul Ball, location: 2F 3-2: Foul Ball, location: 2F 3-2: Ground out 2-3 (Groundball, 2R, EV 67.5 MPH)
|
Top of the 1st over - 0 runs, 2 hits, 0 errors, 2 left on base; Great Falls 0 - Oakland (APP) 0 |
BOTTOM OF THE 1ST |
Oakland (APP) Athletics batting - Pitching for Great Falls Voyagers : RHP Jason Zunno
|
Pitching: RHP Jason Zunno
|
|
Batting: RHB Danny Murillo
|
0-0: Called Strike 0-1: Ball 1-1: Hit by Pitch
|
Batting: LHB Dave Talbert
|
0-0: Ball Danny Murillo steals 2nd base 1-0: Ball 2-0: Foul Ball, location: 2F 2-1: Called Strike 2-2: Fly out, F7 (Line Drive, 7, EV 90.0 MPH)
|
Batting: LHB Yoshinari Nara
|
0-0: Called Strike 0-1: Foul Ball, location: 2F 0-2: Foul Ball, location: 2F 0-2: Foul Ball, location: 2F 0-2: Foul Ball, location: 2F 0-2: Foul Ball, location: 2F 0-2: Foul Ball, location: 2F 0-2: Ball 1-2: 2-RUN HOME RUN (Flyball, 89XD, EV 94.4 MPH), Distance : 408 ft
|
Batting: RHB Stu Rancourt
|
0-0: Ball 1-0: Ball 2-0: Ball 3-0: Base on Balls
|
Batting: LHB Francisco Mendoza
|
0-0: Ball 1-0: Ball Stu Rancourt steals 2nd base 2-0: Ball 3-0: Called Strike 3-1: Foul Ball, location: 2F 3-2: Base on Balls
|
Batting: LHB Clyde Saxton
|
0-0: Ball 1-0: SINGLE (Line Drive, 6MD, EV 97.5 MPH) Stu Rancourt to third Francisco Mendoza to second
|
Batting: RHB Javier Garcia
|
0-0: Ball 1-0: Ball 2-0: Ball 3-0: Called Strike 3-1: Base on Balls Stu Rancourt scores Francisco Mendoza to third Clyde Saxton to second
|
Batting: RHB John Henderson
|
0-0: Fielders Choice at 2nd, 5-4 (Groundball, 5, EV 87.5 MPH) Francisco Mendoza scores Clyde Saxton to third
|
Batting: LHB Robert Ibarra
|
0-0: Ground out 4-3 (Groundball, 4, EV 90.6 MPH)
|
Bottom of the 1st over - 4 runs, 2 hits, 0 errors, 2 left on base; Great Falls 0 - Oakland (APP) 4 |
TOP OF THE 2ND |
Great Falls Voyagers batting - Pitching for Oakland (APP) Athletics : RHP Guadalupe Vasguez
|
Batting: LHB Adrian Cruz
|
0-0: Called Strike 0-1: Called Strike 0-2: Foul Ball, location: 2F 0-2: Strikes out looking
|
Batting: RHB Brian Harris
|
0-0: Foul Ball, location: 5F, Error on foul ball, E5 0-1: Foul Ball, location: 2F 0-2: Foul Ball, location: 2F 0-2: Fly out, F7 (Flyball, 7, EV 91.3 MPH)
|
Batting: RHB Orlando Blanco
|
0-0: Ball 1-0: Swinging Strike 1-1: Ball 2-1: Ball 3-1: Base on Balls
|
Batting: RHB Brian Marut
|
0-0: Called Strike 0-1: Ball 1-1: Foul Ball, location: 2F 1-2: Foul Ball, location: 2F 1-2: Strikes out swinging
|
Top of the 2nd over - 0 runs, 0 hits, 1 error, 1 left on base; Great Falls 0 - Oakland (APP) 4 |
BOTTOM OF THE 2ND |
Oakland (APP) Athletics batting - Pitching for Great Falls Voyagers : RHP Jason Zunno
|
Batting: RHB Danny Murillo
|
0-0: Ball 1-0: Ball 2-0: DOUBLE (Flyball, 78XD, EV 97.5 MPH)
|
Batting: LHB Dave Talbert
|
0-0: Foul Ball, location: 2F 0-1: Ball 1-1: Ball 2-1: Foul Ball, location: 2F 2-2: Foul Ball, location: 2F 2-2: Ball 3-2: Foul Ball, location: 2F 3-2: Foul Ball, location: 2F 3-2: SINGLE (Line Drive, 6D, EV 100.6 MPH) Danny Murillo to third
|
Batting: LHB Yoshinari Nara
|
0-0: Ball 1-0: Ball 2-0: Ball 3-0: Called Strike 3-1: Foul Ball, location: 2F 3-2: Base on Balls Dave Talbert to second
|
Batting: RHB Stu Rancourt
|
0-0: Called Strike 0-1: Fly out, F8 (Flyball, 8RXD, EV 96.3 MPH) Runner from 3rd tags up, SCORES, no throw by CF
|
Batting: LHB Francisco Mendoza
|
0-0: Foul Ball, location: 2F 0-1: Called Strike 0-2: Ball 1-2: Ball 2-2: Foul Ball, location: 2F 2-2: Ball 3-2: Fly out, F6 (Line Drive, 6, EV 61.3 MPH)
|
Batting: LHB Clyde Saxton
|
0-0: Called Strike 0-1: Ball 1-1: Foul Ball, location: 2F 1-2: Strikes out swinging
|
Bottom of the 2nd over - 1 run, 2 hits, 0 errors, 2 left on base; Great Falls 0 - Oakland (APP) 5 |
TOP OF THE 3RD |
Great Falls Voyagers batting - Pitching for Oakland (APP) Athletics : RHP Guadalupe Vasguez
|
Batting: RHB C.J. Chandler
|
0-0: Ball 1-0: Called Strike 1-1: Ball 2-1: Ball 3-1: Called Strike 3-2: Strikes out looking
|
Batting: RHB Bobby Trosclair
|
0-0: Foul Ball, location: 2F 0-1: Foul Ball, location: 2F 0-2: Ball 1-2: Foul Ball, location: 2F 1-2: Ball 2-2: Ball 3-2: Strikes out looking
|
Batting: RHB David Torres
|
0-0: Foul Ball, location: 2F 0-1: Called Strike 0-2: Ball 1-2: SINGLE (Groundball, 34S, EV 66.9 MPH) (infield hit)
|
Batting: LHB Luis Flores
|
0-0: Fielders Choice at 2nd, 5-4 (Groundball, 5, EV 101.9 MPH)
|
Top of the 3rd over - 0 runs, 1 hit, 0 errors, 1 left on base; Great Falls 0 - Oakland (APP) 5 |
BOTTOM OF THE 3RD |
Oakland (APP) Athletics batting - Pitching for Great Falls Voyagers : RHP Jason Zunno
|
Batting: RHB Javier Garcia
|
0-0: Called Strike 0-1: Ball 1-1: Swinging Strike 1-2: Strikes out swinging
|
Batting: RHB John Henderson
|
0-0: Called Strike 0-1: Ball 1-1: Called Strike 1-2: Ball 2-2: Foul Ball, location: 2F 2-2: Foul Ball, location: 2F 2-2: Ball 3-2: Base on Balls
|
Pitching: LHP Elijah Carter
|
|
Batting: LHB Robert Ibarra
|
0-0: Ball 1-0: Ball 2-0: Ball 3-0: Called Strike 3-1: Base on Balls John Henderson to second
|
Batting: RHB Danny Murillo
|
0-0: Fly out, F9 (Flyball, 9S, EV 88.1 MPH)
|
Batting: LHB Dave Talbert
|
0-0: Ball Wild Pitch! John Henderson to third Robert Ibarra to second 1-0: Ball 2-0: Ball 3-0: Called Strike 3-1: Foul Ball, location: 2F 3-2: Base on Balls
|
Batting: LHB Yoshinari Nara
|
0-0: Ball 1-0: Ball 2-0: Foul Ball, location: 2F 2-1: Swinging Strike 2-2: Ball 3-2: Hit by Pitch John Henderson scores Robert Ibarra to third Dave Talbert to second
|
Batting: RHB Stu Rancourt
|
0-0: Ball 1-0: Ball 2-0: Ball 3-0: Base on Balls Robert Ibarra scores Dave Talbert to third Yoshinari Nara to second
|
Pitching: LHP Mario Negrete
|
|
Batting: LHB Francisco Mendoza
|
0-0: Ball 1-0: Ball 2-0: Ball 3-0: Base on Balls Dave Talbert scores Yoshinari Nara to third Stu Rancourt to second
|
Batting: LHB Clyde Saxton
|
0-0: Called Strike 0-1: SINGLE (Line Drive, 8RS, EV 96.3 MPH) Yoshinari Nara scores Stu Rancourt to third Francisco Mendoza to second Runner from 3rd tries for Home, SAFE, throw by CF to home
|
Batting: RHB Javier Garcia
|
0-0: Ball 1-0: Ball Wild Pitch! Francisco Mendoza to third Clyde Saxton to second 2-0: Called Strike 2-1: Ball Wild Pitch! Francisco Mendoza scores Clyde Saxton to third 3-1: Called Strike 3-2: Base on Balls
|
Batting: RHB John Henderson
|
0-0: Called Strike 0-1: Ball 1-1: Called Strike 1-2: Ball 2-2: Ground out U3 (Groundball, 3, EV 102.5 MPH)
|
Bottom of the 3rd over - 6 runs, 1 hit, 0 errors, 2 left on base; Great Falls 0 - Oakland (APP) 11 |
TOP OF THE 4TH |
Great Falls Voyagers batting - Pitching for Oakland (APP) Athletics : RHP Guadalupe Vasguez
|
Batting: SHB Eduardo Monzon
|
0-0: DOUBLE (Flyball, 78D, EV 86.9 MPH)
|
Batting: LHB Adrian Cruz
|
0-0: Ball 1-0: Called Strike 1-1: Swinging Strike 1-2: Ball 2-2: Foul Ball, location: 2F 2-2: Ball 3-2: Base on Balls
|
Batting: RHB Brian Harris
|
0-0: Ball 1-0: Called Strike 1-1: Ball 2-1: Foul Ball, location: 2F 2-2: Ball 3-2: Strikes out looking
|
Batting: RHB Orlando Blanco
|
0-0: Ball 1-0: Ball 2-0: Ball 3-0: Base on Balls Eduardo Monzon to third Adrian Cruz to second
|
Batting: RHB Brian Marut
|
0-0: Called Strike 0-1: Foul Ball, location: 2F 0-2: Ball 1-2: Strikes out swinging
|
Batting: RHB C.J. Chandler
|
0-0: Ball 1-0: Fly out, F7 (Flyball, 78M, EV 95.6 MPH)
|
Top of the 4th over - 0 runs, 1 hit, 0 errors, 3 left on base; Great Falls 0 - Oakland (APP) 11 |
BOTTOM OF THE 4TH |
Oakland (APP) Athletics batting - Pitching for Great Falls Voyagers : LHP Mario Negrete
|
Batting: LHB Robert Ibarra
|
0-0: Called Strike 0-1: Ball 1-1: Ball 2-1: Ball 3-1: Foul Ball, location: 2F 3-2: Foul Ball, location: 2F 3-2: Foul Ball, location: 2F 3-2: Base on Balls
|
Pitching: RHP Dustin Dulski
|
|
Batting: RHB Danny Murillo
|
0-0: Ball 1-0: Called Strike 1-1: Ball 2-1: Ball 3-1: Called Strike 3-2: Base on Balls Robert Ibarra to second
|
Batting: LHB Dave Talbert
|
0-0: Called Strike 0-1: Ball 1-1: Called Strike 1-2: Ball 2-2: SINGLE (Line Drive, 8RS, EV 93.8 MPH) Robert Ibarra to third Danny Murillo to second Runner from 3rd tries for Home, SAFE, throw by CF to home
|
Batting: LHB Yoshinari Nara
|
0-0: Foul Ball, location: 2F 0-1: Ball 1-1: DOUBLE (Line Drive, 78D, EV 98.1 MPH) Danny Murillo scores Dave Talbert to third
|
Batting: RHB Stu Rancourt
|
0-0: Ball 1-0: Foul Ball, location: 2F 1-1: Ball 2-1: Foul Ball, location: 2F 2-2: Ball 3-2: Ground out 4-3 (Groundball, 4S, EV 90.6 MPH) Dave Talbert scores Yoshinari Nara to third
|
Batting: LHB Francisco Mendoza
|
0-0: Called Strike 0-1: Ball 1-1: Called Strike 1-2: Foul Ball, location: 2F 1-2: Ball 2-2: Ball 3-2: Foul Ball, location: 2F 3-2: Foul Ball, location: 2F 3-2: Base on Balls
|
Pitching: RHP Tim Russell
|
|
Batting: LHB Clyde Saxton
|
0-0: Fielders Choice at 2nd, 4-6 (Groundball, 34, EV 102.5 MPH) Yoshinari Nara scores
|
Batting: RHB Javier Garcia
|
0-0: Foul Ball, location: 2F 0-1: Called Strike 0-2: Fly out, F7 (Flyball, 7S, EV 81.3 MPH)
|
Bottom of the 4th over - 4 runs, 2 hits, 0 errors, 1 left on base; Great Falls 0 - Oakland (APP) 15 |
TOP OF THE 5TH |
Great Falls Voyagers batting - Pitching for Oakland (APP) Athletics : RHP Guadalupe Vasguez
|
Batting: RHB Bobby Trosclair
|
0-0: Ground out 6-3 (Groundball, 6, EV 96.3 MPH)
|
Batting: RHB David Torres
|
0-0: Foul Ball, location: 2F 0-1: Swinging Strike 0-2: Foul Ball, location: 2F 0-2: Ball 1-2: Strikes out swinging
|
Batting: LHB Luis Flores
|
0-0: Ground out 4-3 (Groundball, 4, EV 100.6 MPH)
|
Top of the 5th over - 0 runs, 0 hits, 0 errors, 0 left on base; Great Falls 0 - Oakland (APP) 15 |
BOTTOM OF THE 5TH |
Oakland (APP) Athletics batting - Pitching for Great Falls Voyagers : RHP Tim Russell
|
Batting: RHB John Henderson
|
0-0: Called Strike 0-1: SINGLE (Flyball, 89S, EV 97.5 MPH)
|
Batting: LHB Robert Ibarra
|
0-0: Called Strike 0-1: Swinging Strike 0-2: Foul Ball, location: 2F 0-2: Strikes out swinging
|
Batting: RHB Danny Murillo
|
0-0: Ball 1-0: Called Strike 1-1: Fielders Choice at 2nd, 1-4 (Groundball, 15S, EV 68.1 MPH)
|
Batting: LHB Dave Talbert
|
0-0: Ball 1-0: Ball 2-0: Foul Ball, location: 2F 2-1: Foul Ball, location: 2F 2-2: Ball 3-2: Fly out, F8 (Flyball, 8LD, EV 98.8 MPH)
|
Bottom of the 5th over - 0 runs, 1 hit, 0 errors, 1 left on base; Great Falls 0 - Oakland (APP) 15 |
TOP OF THE 6TH |
Great Falls Voyagers batting - Pitching for Oakland (APP) Athletics : RHP Guadalupe Vasguez
|
Batting: SHB Eduardo Monzon
|
0-0: Ball 1-0: Called Strike 1-1: Ball 2-1: Fly out, F6 (Line Drive, 6, EV 67.5 MPH)
|
Batting: LHB Adrian Cruz
|
0-0: Called Strike 0-1: Swinging Strike 0-2: Ball 1-2: Strikes out swinging
|
Batting: RHB Brian Harris
|
0-0: Swinging Strike 0-1: Foul Ball, location: 2F 0-2: SINGLE (Groundball, 15, EV 68.8 MPH) (infield hit)
|
Batting: RHB Orlando Blanco
|
0-0: Called Strike 0-1: Ground out U3 (Groundball, 3S, EV 73.8 MPH)
|
Top of the 6th over - 0 runs, 1 hit, 0 errors, 1 left on base; Great Falls 0 - Oakland (APP) 15 |
BOTTOM OF THE 6TH |
Oakland (APP) Athletics batting - Pitching for Great Falls Voyagers : RHP Tim Russell
|
Batting: LHB Yoshinari Nara
|
0-0: Ball 1-0: Ball 2-0: Ball 3-0: Base on Balls
|
Batting: RHB Stu Rancourt
|
0-0: Ball 1-0: Ball 2-0: Called Strike 2-1: Called Strike 2-2: Ball 3-2: SINGLE (Flyball, 89S, EV 85.0 MPH) Yoshinari Nara to second Yoshinari Nara to third
|
Pitching: RHP Eric Perry
|
|
Batting: LHB Francisco Mendoza
|
0-0: Called Strike 0-1: Ball 1-1: Ball Balk! Yoshinari Nara scores Stu Rancourt to second 2-1: Ball 3-1: Base on Balls
|
Batting: LHB Clyde Saxton
|
Balk! Stu Rancourt to third Francisco Mendoza to second 0-0: SINGLE (Line Drive, 89M, EV 105.0 MPH) Stu Rancourt scores Francisco Mendoza to third
|
Batting: RHB Javier Garcia
|
0-0: Ball 1-0: Ball 2-0: Fly out, F8 (Flyball, 89D, EV 94.4 MPH) Runner from 3rd tags up, SCORES, throw by CF
|
Batting: RHB John Henderson
|
0-0: Ball 1-0: Fly out, F4 (Popup, 4, EV 66.3 MPH)
|
Batting: LHB Robert Ibarra
|
0-0: Called Strike 0-1: Foul Ball, location: 2F 0-2: Ball 1-2: Ball 2-2: Foul Ball, location: 2F Pickoff Throw to First - Error! E1 Clyde Saxton to second 2-2: Fly out, F8 (Line Drive, 8RD, EV 91.9 MPH)
|
Bottom of the 6th over - 3 runs, 2 hits, 1 error, 1 left on base; Great Falls 0 - Oakland (APP) 18 |
TOP OF THE 7TH |
Great Falls Voyagers batting - Pitching for Oakland (APP) Athletics : RHP Guadalupe Vasguez
|
Batting: RHB Brian Marut
|
0-0: Called Strike 0-1: Ball 1-1: Ball 2-1: Foul Ball, location: 2F 2-2: Ball 3-2: Ground out 6-3 (Groundball, 6, EV 103.1 MPH)
|
Pitching: RHP Nick Hurst
|
|
Batting: RHB C.J. Chandler
|
0-0: Called Strike 0-1: Ball 1-1: Called Strike 1-2: Strikes out swinging
|
Batting: RHB Bobby Trosclair
|
0-0: Ball 1-0: Ball 2-0: Called Strike 2-1: Swinging Strike 2-2: Strikes out swinging
|
Top of the 7th over - 0 runs, 0 hits, 0 errors, 0 left on base; Great Falls 0 - Oakland (APP) 18 |
BOTTOM OF THE 7TH |
Oakland (APP) Athletics batting - Pitching for Great Falls Voyagers : RHP Eric Perry
|
Batting: RHB Danny Murillo
|
0-0: Called Strike 0-1: Ball 1-1: Fly out, F8 (Line Drive, 8LM, EV 98.1 MPH)
|
Pinch Hitting: RHB Fernando Ramos
|
0-0: Called Strike 0-1: Called Strike 0-2: Ball 1-2: Foul Ball, location: 2F 1-2: Ball 2-2: Ball 3-2: Foul Ball, location: 2F 3-2: Base on Balls
|
Batting: LHB Yoshinari Nara
|
0-0: Ball 1-0: Ball 2-0: Fly out, F8 (Line Drive, 8RM, EV 86.9 MPH)
|
Batting: RHB Stu Rancourt
|
0-0: Ball 1-0: DOUBLE (Flyball, 8RXD, EV 91.9 MPH) Fernando Ramos to third
|
Batting: LHB Francisco Mendoza
|
0-0: Ball 1-0: Ball Wild Pitch! Fernando Ramos scores Stu Rancourt to third 2-0: Ball 3-0: Called Strike 3-1: Base on Balls
|
Pitching: RHP Javon Walker
|
|
Pinch Hitting: RHB Gregorio Meza
|
Balk! Stu Rancourt scores Francisco Mendoza to second 0-0: Foul Ball, location: 2F 0-1: Ball 1-1: DOUBLE (Line Drive, 78M, EV 100.6 MPH) Francisco Mendoza scores
|
Batting: RHB Javier Garcia
|
0-0: Ball 1-0: Called Strike 1-1: Foul Ball, location: 2F 1-2: Ground out 4-3 (Groundball, 4M, EV 105.0 MPH)
|
Bottom of the 7th over - 3 runs, 2 hits, 0 errors, 1 left on base; Great Falls 0 - Oakland (APP) 21 |
TOP OF THE 8TH |
Great Falls Voyagers batting - Pitching for Oakland (APP) Athletics : RHP Nick Hurst
|
Now at 1B: Harry Street
|
|
Now at SS: Bobby Osterberg
|
|
Batting: RHB David Torres
|
0-0: Called Strike 0-1: Ball 1-1: Ball 2-1: Fly out, F9 (Flyball, 89S, EV 95.6 MPH)
|
Batting: LHB Luis Flores
|
0-0: Ball 1-0: Called Strike 1-1: Ball 2-1: Foul Ball, location: 2F 2-2: Strikes out swinging
|
Batting: SHB Eduardo Monzon
|
0-0: Ball 1-0: Ball 2-0: Called Strike 2-1: Fly out, F7 (Flyball, 7LM, EV 87.5 MPH)
|
Top of the 8th over - 0 runs, 0 hits, 0 errors, 0 left on base; Great Falls 0 - Oakland (APP) 21 |
BOTTOM OF THE 8TH |
Oakland (APP) Athletics batting - Pitching for Great Falls Voyagers : RHP Javon Walker
|
Batting: RHB John Henderson
|
0-0: Ball 1-0: SINGLE (Groundball, 4MD, EV 109.4 MPH)
|
Batting: LHB Robert Ibarra
|
0-0: Ball 1-0: Foul Ball, location: 2F 1-1: Called Strike 1-2: Foul Ball, location: 2F 1-2: Foul Ball, location: 2F 1-2: Foul Ball, location: 2F 1-2: Ball Wild Pitch! John Henderson to second 2-2: Foul Ball, location: 2F 2-2: SINGLE (Groundball, 25, EV 62.5 MPH) (infield hit) John Henderson to third
|
Pitching: RHP Elias Rojas
|
|
Batting: RHB Danny Murillo
|
0-0: SINGLE (Groundball, 56D, EV 102.5 MPH) John Henderson scores Robert Ibarra to second
|
Batting: RHB Bobby Osterberg
|
0-0: Foul Ball, location: 2F 0-1: Called Strike 0-2: Ball 1-2: Foul Ball, location: 2F 1-2: 3-RUN HOME RUN (Flyball, 78XD, EV 100.0 MPH), Distance : 425 ft
|
Batting: LHB Yoshinari Nara
|
0-0: Swinging Strike 0-1: SOLO HOME RUN (Flyball, 9D, EV 96.9 MPH), Distance : 354 ft
|
Batting: RHB Stu Rancourt
|
0-0: Foul Ball, location: 2F 0-1: Foul Ball, location: 2F 0-2: Ball 1-2: SINGLE (Groundball, 13, EV 74.4 MPH) (infield hit)
|
Batting: LHB Francisco Mendoza
|
0-0: Ball 1-0: Called Strike 1-1: Ball 2-1: Foul Ball, location: 2F 2-2: Foul Ball, location: 2F 2-2: Hit by Pitch Stu Rancourt to second
|
Pitching: LHP Mark Boyd
|
|
Batting: LHB Harry Street
|
0-0: Foul Ball, location: 2F 0-1: Ball 1-1: SINGLE (Flyball, 9LS, EV 93.8 MPH) Stu Rancourt to third Francisco Mendoza to second
|
Batting: RHB Javier Garcia
|
0-0: SINGLE (Line Drive, 8RS, EV 101.9 MPH) Stu Rancourt scores Francisco Mendoza to third Harry Street to second Runner from 3rd tries for Home, SAFE, throw by CF to home
|
Batting: RHB John Henderson
|
0-0: Ball 1-0: Foul Ball, location: 2F 1-1: Swinging Strike 1-2: Ball 2-2: Ball Wild Pitch! Harry Street to third Javier Garcia to second 3-2: Foul Ball, location: 2F 3-2: Ground out 5-3 (Groundball, 56, EV 81.9 MPH) Harry Street scores
|
Batting: LHB Robert Ibarra
|
0-0: Ball 1-0: Foul Ball, location: 2F 1-1: Swinging Strike 1-2: Ball 2-2: Ball 3-2: Ground out 6-3 (Groundball, 4MS, EV 85.6 MPH) Javier Garcia to third
|
Batting: RHB Danny Murillo
|
0-0: Foul Ball, location: 2F 0-1: 2-RUN HOME RUN (Line Drive, 89XD, EV 104.4 MPH), Distance : 390 ft
|
Pitching: RHP Tom Phipps
|
|
Batting: RHB Bobby Osterberg
|
0-0: Swinging Strike 0-1: Foul Ball, location: 2F 0-2: SINGLE (Groundball, 4MD, EV 106.3 MPH)
|
Batting: LHB Yoshinari Nara
|
0-0: Ball 1-0: Foul Ball, location: 2F 1-1: Ball 2-1: Ball 3-1: Base on Balls Bobby Osterberg to second
|
Batting: RHB Stu Rancourt
|
0-0: Ball 1-0: Ball 2-0: 3-RUN HOME RUN (Flyball, 7LD, EV 99.4 MPH), Distance : 357 ft
|
Batting: LHB Francisco Mendoza
|
0-0: Foul Ball, location: 2F 0-1: Ball 1-1: Ball 2-1: Ball 3-1: Base on Balls
|
Batting: LHB Harry Street
|
0-0: Ball Wild Pitch! Francisco Mendoza to second 1-0: Ball 2-0: Ball 3-0: Called Strike 3-1: Called Strike 3-2: Base on Balls
|
Pitching: RHP Edwin Velazquez
|
|
Batting: RHB Javier Garcia
|
0-0: Foul Ball, location: 2F 0-1: Ground out 4-3 (Groundball, 4, EV 82.5 MPH)
|
Bottom of the 8th over - 13 runs, 11 hits, 0 errors, 2 left on base; Great Falls 0 - Oakland (APP) 34 |
TOP OF THE 9TH |
Great Falls Voyagers batting - Pitching for Oakland (APP) Athletics : RHP Nick Hurst
|
Batting: LHB Adrian Cruz
|
0-0: Ball 1-0: Ball 2-0: Foul Ball, location: 2F 2-1: Ball 3-1: Called Strike 3-2: SINGLE (Groundball, 3, EV 80.6 MPH) (infield hit)
|
Batting: RHB Brian Harris
|
0-0: Called Strike 0-1: Ball 1-1: Called Strike 1-2: Strikes out swinging
|
Batting: RHB Orlando Blanco
|
0-0: Foul Ball, location: 2F 0-1: Fielders Choice at 2nd, 6-4 (Groundball, 6, EV 82.5 MPH)
|
Batting: RHB Brian Marut
|
0-0: Called Strike 0-1: Foul Ball, location: 2F 0-2: Ball 1-2: Foul Ball, location: 2F 1-2: Ball 2-2: Ball 3-2: Strikes out swinging
|
Top of the 9th over - 0 runs, 1 hit, 0 errors, 1 left on base; Great Falls 0 - Oakland (APP) 34 |
|